 Dungeon Crawl Stone Soup version 0.20.1-1-g8b1a95d (webtiles) character file.

2314 vatarom the Skirmisher (level 9, 0/78 HPs)
             Began as a Purple Draconian Transmuter on Sept 20, 2017.
             Was an Initiate of Ru.
             Slain by a gnoll
             ... wielding a +0 halberd
              (16 damage)
             ... on level 7 of the Dungeon.
             The game lasted 00:15:33 (6517 turns).

vatarom the Skirmisher (DrTm)                       Turns: 6517, Time: 00:15:34

Health: 0/78       AC:  8    Str: 12    XL:     9   Next: 18%
Magic:  4/12       EV: 15    Int: 15    God:    Ru [......]
Gold:   337        SH:  0    Dex: 18    Spells: 2/12 levels left

rFire    . . .     SeeInvis .   e - +3 dagger (venom)
rCold    . . .     Gourm    .   (no shield)
rNeg     + . .     Faith    .   (armour unavailable)
rPois    .         Spirit   .   (helmet restricted)
rElec    .         Reflect  .   (no cloak)
rCorr    .         Harm     .   (no gloves)
MR       +....                  g - +0 pair of boots
Stlth    ++........             (no amulet)
Regen    0.3/turn               p - ring of positive energy
MPRegen  0.2/turn               v - +4 ring of dexterity

@: short of breath, very slightly contaminated, drained
A: breathe power, unfitting armour, beak, talons 1, blurry vision 1,
cold-blooded, AC +7
a: Breathe Dispelling Energy, Renounce Religion


You were on level 7 of the Dungeon.
You worshipped Ru.
Ru was noncommittal.
You were full.

You visited 2 branches of the dungeon, and saw 8 of its levels.

You collected 337 gold pieces.

Inventory:

Hand Weapons
 e - a +3 dagger of venom (weapon)
Missiles
 a - 103 arrows
Armour
 g - a +0 pair of boots (worn)
 l - a +2 buckler
Jewellery
 p - a ring of positive energy (left hand)
 v - a +4 ring of dexterity (right hand)
Scrolls
 f - a scroll of teleportation
 h - a scroll of fear
 k - 2 scrolls of enchant weapon
 m - 7 scrolls of remove curse
 w - a scroll of fog
Potions
 i - a potion of heal wounds
 n - a potion of lignification
 o - 3 potions of curing
 r - a potion of haste
 s - a potion of might {unknown}
 u - 2 potions of agility
Books
 b - a book of Changes

   Spells                             Type                      Level
   a - Beastly Appendage              Transmutation                1
   b - Sticks to Snakes               Transmutation                2
   c - Spider Form                    Transmutation/Poison         3
   d - Ice Form                       Ice/Transmutation            4
   e - Blade Hands                    Transmutation                5
Comestibles
 c - 3 bread rations
 d - 3 fruits
 j - 2 chunks of flesh
 q - 3 royal jellies
 t - 2 meat rations


   Skills:
 + Level 6.8(6.6) Fighting
 - Level 4.8(4.6) Dodging
 * Level 3.2(3.0) Shields
 + Level 6.6(6.5) Unarmed Combat
 - Level 2.4(2.2) Spellcasting
 + Level 5.3(5.1) Transmutations
 - Level 3.6(3.5) Ice Magic


You had 2 spell levels left.
You knew the following spells:

 Your Spells              Type           Power        Failure   Level  Hunger
a - Beastly Appendage     Tmut           ###...       2%          1    #......
b - Sticks to Snakes      Tmut           ###.....     3%          2    ###....
c - Spider Form           Tmut/Pois      #.........   22%         3    ###....
d - Ice Form              Ice/Tmut       ##......     34%         4    #####..


Dungeon Overview and Level Annotations

Branches:
Dungeon (7/15)             Temple (1/1) D:4

Altars:
Ashenzari
Cheibriados
Dithmenos
Elyvilon
Fedhas
Gozag
Hepliaklqana
Kikubaaqudgha
Makhleb
Nemelex Xobeh
Okawaru
Ru
Sif Muna
Trog
Uskayaw
Xom
Yredelemnul
Zin
The Shining One


Innate Abilities, Weirdness & Mutations

You can breathe bolts of dispelling energy.
Your rich purple scales are hard. (AC +7)
You cannot fit into any form of body armour.
You are cold-blooded and may be slowed by cold attacks.
You have a beak for a mouth.
You have sharp toenails.
Scrolls take you a little longer to read.


Message History

The gnoll shouts!
Found a worn lead wand.
Found a stone staircase leading down.
Press: ? - help, Shift-Dir - straight line, f - gnoll
Aim: a gnoll, wielding a halberd (severely wounded)
You breathe a bolt of dispelling energy.
The bolt of dispelling energy misses the gnoll.
The bolt of dispelling energy hits the gnoll.
The gnoll is heavily wounded.
You feel somewhat less full.
Unknown command.
You aren't carrying any items that you can evoke.
There are monsters nearby!
Unknown command.
The gnoll misses you.
The gnoll hits you from afar with a halberd.
* * * LOW HITPOINT WARNING * * *
Found 20 stones.
The gnoll hits you from afar with a halberd!
You die...

##8.8##...........
##+##........#..#
#......####.##..# #.#....#
#.##... #.#....# #.###.#
#.#....# #.###.#
.#(########.#....# #......
.................# ####...
.>.###....@.....## #.##
#.......g..#### #)##
#.#....(g.....# #.##
#..........##.# #.##
/##............########...
#............#....g....####
####........##.#######.#
#....######.# #.# ####.#
#.# #g#


You could see 2 gnolls.

Vanquished Creatures
  Prince Ribbit (D:6)
  3 ice beasts (D:6)
  A black bear (D:7)
  A phantom (D:5)
  2 ogres
  3 centaurs (D:6)
  A bullfrog (D:6)
  2 scorpions
  3 crimson imps
  7 hounds
  A quasit (D:6)
  A centaur skeleton (D:5)
  7 orc wizards
  A bullfrog skeleton (D:7)
  Terence (D:3)
  2 iguanas
  6 worker ants
  A hound zombie (D:5)
  A worker ant zombie (D:5)
  A gnoll (D:7)
  9 adders
  2 shadow imps
  An ooze (D:1)
  An adder skeleton (D:5)
  2 worms
  4 leopard geckos
  14 orcs
  6 goblins
  8 hobgoblins
  17 jackals
  A quokka (D:3)
  A ball python (D:2)
  5 bats
  3 frilled lizards
  4 kobolds
  2 leopard gecko skeletons
  4 rats
  A spectral orc (D:2)
131 creatures vanquished.

Vanquished Creatures (collateral kills)
  A centaur zombie (D:5)
  A worker ant (D:5)
  A gnoll (D:7)
3 creatures vanquished.

Grand Total: 134 creatures vanquished

Notes
Turn   | Place    | Note
-------+----------+-------------------------------------------
     0 | D:1      | vatarom the Draconian Transmuter began the quest for the Orb.
     0 | D:1      | Reached XP level 1. HP: 16/16 MP: 3/3
   419 | D:1      | Gained mutation: Your body sometimes deteriorates upon taking damage. [potion of mutation]
   419 | D:1      | Gained mutation: You are robust. (+10% HP) [potion of mutation]
   419 | D:1      | Gained mutation: Your mind is acute. (Int +2) [potion of mutation]
   453 | D:1      | Reached XP level 2. HP: 25/26 MP: 3/5
   692 | D:1      | Reached XP level 3. HP: 31/31 MP: 6/6
  1131 | D:2      | Learned a level 2 spell: Sticks to Snakes
  1135 | D:2      | Learned a level 3 spell: Spider Form
  1746 | D:2      | Found a basalt altar of Yredelemnul.
  1961 | D:3      | Reached XP level 4. HP: 28/40 MP: 3/7
  2035 | D:3      | Found a sparkling altar of Nemelex Xobeh.
  2051 | D:3      | Noticed Terence
  2063 | D:3      | Killed Terence
  2449 | D:3      | Reached XP level 5. HP: 47/49 MP: 4/8
  2604 | D:4      | Noticed an ogre
  2612 | D:4      | Killed an ogre
  2612 | D:4      | Reached XP level 6. HP: 22/57 MP: 9/9
  2826 | D:4      | Found an iron altar of Okawaru.
  2834 | D:4      | Found a deep blue altar of Sif Muna.
  2866 | D:4      | Found a snail-covered altar of Cheibriados.
  3041 | D:4      | Found a staircase to the Ecumenical Temple.
  3058 | Temple   | Entered the Ecumenical Temple
  3771 | D:5      | Entered Level 5 of the Dungeon
  4208 | D:5      | Your scales start taking on a rich purple colour.
  4208 | D:5      | Reached XP level 7. HP: 34/66 MP: 4/10
  4362 | D:5      | Found a hazy altar of Hepliaklqana.
  4551 | D:5      | Reached skill level 5 in Unarmed Combat
  4633 | D:5      | Reached skill level 5 in Fighting
  4858 | D:5      | Learned a level 4 spell: Ice Form
  5084 | D:6      | Reached skill level 1 in Ice Magic
  5084 | D:6      | Reached XP level 8. HP: 69/75 MP: 7/11
  5178 | D:6      | Found an ancient bone altar of Kikubaaqudgha.
  5178 | D:6      | Found a sacrificial altar of Ru.
  5178 | D:6      | Found a shadowy altar of Dithmenos.
  5188 | D:6      | Became a worshipper of Ru the Awakened
  5556 | D:6      | Noticed Prince Ribbit
  5564 | D:6      | Killed Prince Ribbit
  5795 | D:6      | Reached skill level 1 in Shields
  5823 | D:6      | Reached skill level 5 in Transmutations
  6105 | D:6      | Reached XP level 9. HP: 62/85 MP: 3/12
  6242 | D:7      | Lost mutation: You are robust. (+10% HP) [potion of mutation]
  6242 | D:7      | Lost mutation: Your body sometimes deteriorates upon taking damage. [potion of mutation]
  6242 | D:7      | Lost mutation: Your mind is acute. (Int +2) [potion of mutation]
  6242 | D:7      | Gained mutation: Scrolls take you a little longer to read. [potion of mutation]
  6242 | D:7      | Gained mutation: You have a beak for a mouth. [potion of mutation]
  6242 | D:7      | Gained mutation: You have sharp toenails. [potion of mutation]
  6378 | D:7      | Found a shimmering altar of Xom.
  6382 | D:7      | Found a shimmering altar of Xom.
  6382 | D:7      | Found a shimmering altar of Xom.
  6517 | D:7      | Slain by a gnoll

Skill      XL: |  1  2  3  4  5  6  7  8  9 |
---------------+----------------------------+-----
Dodging        | 2 3 4 |  4.8
Fighting       | 2 3 4 5 6 |  6.8
Unarmed Combat | 4 5 6 |  6.6
Transmutations | 3 5 |  5.3
Ice Magic      | 1 3 |  3.6
Shields        | 2 3 |  3.2
Spellcasting   | |  2.4

Action                   |  1- 3 |  4- 6 |  7- 9 || total
-------------------------+-------+-------+-------++-------
Melee: Unarmed           |   103 |    62 |   129 ||   294
       Headbutt          |     2 |       |       ||     2
       Kick              |     1 |       |       ||     1
       Tailslap          |    10 |     5 |    19 ||    34
       Dagger            |    43 |    67 |   135 ||   245
       Punch             |       |     1 |     4 ||     5
       Peck              |       |       |     3 ||     3
 Cast: Beastly Appendage |     8 |       |       ||     8
       Spider Form       |     5 |     9 |    14 ||    28
       Sticks to Snakes  |       |     4 |     1 ||     5
       Ice Form          |       |       |     1 ||     1
 Abil: Breathe Dispellin |       |       |     7 ||     7
       End Transformatio |       |       |     2 ||     2
  Use: Potion            |     5 |       |     1 ||     6
       Scroll            |     4 |     4 |     5 ||    13
 Stab: Sleeping          |     1 |     1 |     1 ||     3
       Distracted        |       |     1 |       ||     1
  Eat: Chunk             |     2 |     4 |     8 ||    14
       Bread ration      |     1 |       |     2 ||     3
       Royal jelly       |       |     1 |       ||     1
       Fruit             |       |     1 |       ||     1
Armor: Skin              |    54 |    22 |    63 ||   139
Dodge: Dodged            |   135 |    99 |   315 ||   549
